 Dungeon Crawl Stone Soup version 0.13-a0-3104-gb5885e9 (webtiles) character file.

209 Malachi the Stinger (level 4, -2/33 HPs)
             Began as a Demigod Venom Mage on Sept 19, 2013.
             Slain by an orc wizard
             ... wielding a -1,+0 orcish dagger
              (5 damage)
             ... on Level 3 of the Dungeon.
             The game lasted 00:07:31 (2680 turns).

Malachi the Stinger (Demigod Venom Mage)            Turns: 2680, Time: 00:07:31

HP  -2/33        AC  3     Str 12      XL: 4   Next: 31%
MP   3/11        EV 12     Int 21      God:
Gold 102         SH  0     Dex 16      Spells:  2 memorised,  0 levels left

Res.Fire  : . . .   See Invis. : .   u - +1,+0 elf spear
Res.Cold  : . . .   Warding    : .   a - +0 robe
Life Prot.: . . .   Conserve   : .   (no shield)
Res.Poison: .       Res.Corr.  : .   (no helmet)
Res.Elec. : .       Clarity    : .   (no cloak)
Sust.Abil.: . .     Spirit.Shd : .   g - +0 pair of elf gloves (curse)
Res.Mut.  : .       Stasis     : .   (no boots)
Res.Rott. : .       Flight     : .   (no amulet)
Saprovore : . . .                    (no ring)
                                     (no ring)

@: mildly poisoned, very slightly contaminated, slightly resistant to hostile
enchantments, fairly stealthy
A: no striking features
a: no special abilities


You were on level 3 of the Dungeon.
You were starving.

You visited 1 branch of the dungeon, and saw 3 of its levels.

You collected 82 gold pieces.

Inventory:

Hand weapons
 l - a +0,+0 orcish club (quivered)
 u - a +1,+0 elven spear (weapon)
Armour
 a - a +0 robe (worn)
 g - a cursed +0 pair of elven gloves (worn)
Comestibles
 c - a bread ration
Scrolls
 e - a scroll of random uselessness {unknown}
 f - 2 scrolls of identify
 h - a scroll of curse armour {unknown}
 j - a scroll of enchant armour {unknown}
 m - a scroll of curse jewellery {unknown}
 p - a scroll of enchant weapon I {unknown}
 r - 5 scrolls of remove curse {unknown}
 s - a scroll of fear {unknown}
Jewellery
 k - an uncursed ring of flight
Potions
 d - a potion of heal wounds
 i - a potion of curing
 n - a potion of agility {unknown}
 o - a potion of restore abilities {unknown}
 q - a potion of resistance {unknown}
 v - a potion of invisibility {unknown}
Books
 b - a Young Poisoner's Handbook

   Spells                             Type                      Level
   *Sting                             Conjuration/Poison           1
   Cure Poison                        Poison                       2
   Mephitic Cloud                     Conjuration/Poison/Air       3
   *Olgreb's Toxic Radiance           Poison                       4
   Venom Bolt                         Conjuration/Poison           5
 t - a book of Geomancy

   Spells                             Type                      Level
   Sandblast                          Earth                        1
   Stoneskin                          Transmutation/Earth          2
   Passwall                           Transmutation/Earth          3
   Stone Arrow                        Conjuration/Earth            3
   Petrify                            Transmutation/Earth          4
   Lee's Rapid Deconstruction         Earth                        5


   Skills:
 + Level 0.3 Maces & Flails
 + Level 0.1 Polearms
 + Level 2.0 Dodging
 + Level 2.1 Stealth
 + Level 1.4 Spellcasting
 + Level 0.6 Conjurations
 + Level 4.8 Poison Magic


You couldn't memorise any spells.
You knew the following spells:

 Your Spells              Type           Power        Failure   Level  Hunger
a - Sting                 Conj/Pois      ##..         6%          1    ##.....
b - Olgreb's Toxic Radia  Pois           ###.....     24%         4    #####..


Dungeon Overview and Level Annotations

Branches:
Dungeon (3/27)


Message History

* * * LOW HITPOINT WARNING * * *
Casting: Olgreb's Toxic Radiance
Confirm with . or Enter, or press ? or * to list all spells.
You begin to radiate toxic energy.
You are starving!
You are poisoned.
The orc is poisoned.
The orc wizard is poisoned.
The orc is poisoned.
The orc closely misses you.
You are more poisoned.
The orc wizard looks even sicker.
The orc looks even sicker.
You are more poisoned.
Your toxic aura wanes.
The orc hits you with an orcish flail.
* * * LOW HITPOINT WARNING * * *
You kill the orc!
You kill the orc!
* * * LOW HITPOINT WARNING * * *
You feel sick.
The orc wizard hits you with an orcish dagger.
You die...

.....###..#
.....o.....#
...8..l....#
.........?)#
....[####l# #...
#o#### #.. #....# .
#.o..### #..@...#
###
######.#....###...#.
....................
.##.......#####...#.
....................
##...........#...##
..........<..# #
####.##.##### #.##.#


You could see an orc wizard, an orc and a giant newt.

Vanquished Creatures
  5 adders (D:2)
  7 orcs (D:3)
  A ball python (D:1)
  8 goblins
  5 hobgoblins
  2 oozes
  A quokka (D:2)
  4 bats
  3 giant cockroaches
  5 giant newts
  3 kobolds
  7 rats
51 creatures vanquished.

Notes
Turn   | Place    | Note
--------------------------------------------------------------
     0 | D:1      | Malachi, the Demigod Venom Mage, began the quest for the Orb.
     0 | D:1      | Reached XP level 1. HP: 14/14 MP: 5/5
   146 | D:1      | Reached skill level 4 in Poison Magic
   308 | D:1      | Reached XP level 2. HP: 20/20 MP: 3/6
  1015 | D:2      | Reached XP level 3. HP: 16/26 MP: 5/8
  1973 | D:2      | Reached XP level 4. HP: 25/33 MP: 6/11
  2453 | D:3      | Learned a level 4 spell: Olgreb's Toxic Radiance
  2680 | D:3      | Slain by an orc wizard

Action                   |  1- 3 |  4- 6 || total
-------------------------+-------+-------++-------
Melee: Unarmed           |     1 |       ||     1
       Club              |    30 |       ||    30
       Spear             |    11 |    26 ||    37
 Cast: Sting             |    76 |    22 ||    98
       Olgreb's Toxic Ra |       |     3 ||     3
  Use: Scroll            |       |     2 ||     2
       Potion            |       |     2 ||     2
